 Dungeon Crawl Stone Soup version 0.28-a0-1404-g4df0f3684d (webtiles) character file.

Game seed: 9040612803984339411

42 HallandMoats the Skirmisher (level 3, -5/29 HPs)
             Began as a Demonspawn Fighter on Jan 6, 2022.
             Slain by a gnoll (8 damage)
             ... on level 2 of the Dungeon.
             The game lasted 00:01:09 (1029 turns).

HallandMoats the Skirmisher (Demonspawn Fighter)    Turns: 1029, Time: 00:01:10

Health: -5/29      AC:  6    Str: 16    XL:     3   Next: 35%
Magic:  3/3        EV:  9    Int:  9    God:
Gold:   39         SH:  9    Dex: 14    Spells: 2/2 levels left

rFire   . . .      SeeInvis .   a - +0 war axe
rCold   . . .      Faith    .   c - +0 buckler
rNeg    . . .      Spirit   .   b - +0 scale mail
rPois   .          Reflect  .   (no helmet)
rElec   .          Harm     .   (no cloak)
rCorr   .          Rampage  .   (no gloves)
Will    .....                   (no boots)
Stlth   ..........              (no amulet)
HPRegen 0.09/turn               (no ring)
MPRegen 0.08/turn               (no ring)

@: mighty
A: powered by pain 1, condensation shield
a: no special abilities


You were on level 2 of the Dungeon.
You visited 1 branch of the dungeon, and saw 2 of its levels.

You collected 39 gold pieces.

Inventory:

Hand Weapons
 a - a +0 war axe (weapon)
Armour
 b - a +0 scale mail (worn)
 c - a +0 buckler (worn)
Scrolls
 e - a scroll of fear {unknown}
 f - 2 scrolls of teleportation {unknown}
 g - a scroll of amnesia {unknown}
 h - a scroll of silence {unknown}
 i - a scroll of identify {unknown}


   Skills:
 + Level 3.1 Fighting
 * Level 2.2 Axes
 * Level 3.0 Armour
 * Level 1.0 Dodging
 * Level 3.0 Shields
 + Level 0.8 Invocations


You had 2 spell levels left.
You didn't know any spells.
Your spell library was empty.

Dungeon Overview and Level Annotations

Branches:
Dungeon (2/15)

Altars:


Innate Abilities, Weirdness & Mutations

You sometimes gain a little power by taking damage.
A meltable shield of frost defends you. (SH +4)


Message History

You hit the gnoll but do no damage.
The gnoll is moderately wounded.
You miss the bat. You hit the gnoll but do no damage. x2
You block the bat's attack. The bat closely misses you.
You block the gnoll's attack. The gnoll hits you but does no damage.
The gnoll hits you with a +0 halberd. The gnoll hits you with a +0 flail.
A kobold comes into view. It is wielding a +0 short sword.
The gnoll hits you with a +0 whip. You block the gnoll's attack. x2
A goblin comes into view. It is wielding a +0 dagger.
The goblin shouts!
The bat barely misses you. The gnoll hits you with a +0 halberd.
There is a stone staircase leading up here.
You can't go down here!
The bat closely misses you. You block the gnoll's attack. x2
The gnoll completely misses you. The gnoll hits you with a +0 whip.
* * * LOW HITPOINT WARNING * * *
You climb upwards.
There is a stone staircase leading down here.
The gnoll hits you with a +0 whip.
* * * LOW HITPOINT WARNING * * *
The gnoll barely misses you. The gnoll hits you with a +0 flail.
* * * LOW HITPOINT WARNING * * *
There is a stone staircase leading down here.
The gnoll closely misses you.
You climb downwards.
The bat hits you but does no damage. You block the bat's attack.
The goblin hits you but does no damage.
There is a stone staircase leading up here.
You feel very mighty all of a sudden. The bat hits you but does no damage.
The goblin hits you but does no damage. You block the gnoll's attack.
You block the bat's attack.
You slash the gnoll!
The gnoll is heavily wounded.
You closely miss the goblin. You hit the bat.
You kill the bat!
You barely miss the kobold.
The kobold hits you with a +0 short sword.
* * * LOW HITPOINT WARNING * * *
The goblin hits you but does no damage. The gnoll hits you with a +0 flail!
You die...

# # .# ### .# #.
..# .. #.
#.###.#
###..###....[#
........gg.#.###
........@†......
###..##.K..##...
# ...#......
#.##.....### #
##...... ##.....
.....# ..#.#.


You could see a gnoll, a goblin and a kobold.

Vanquished Creatures
  A gnoll (D:1)
  2 dart slugs (D:1)
  2 bats
  3 endoplasms (D:1)
  3 giant cockroaches (D:1)
  3 goblins (D:1)
  5 hobgoblins (D:1)
  2 kobolds (D:1)
  2 ball pythons (D:1)
  2 frilled lizards (D:1)
  A rat (D:1)
26 creatures vanquished.

Notes
Turn   | Place    | Note
-------+----------+-------------------------------------------
     0 | D:1      | HallandMoats the Demonspawn Fighter began the quest for the
                  | Orb.
     0 | D:1      | Reached XP level 1. HP: 18/18 MP: 1/1
    76 | D:1      | Gained mutation: A meltable shield of frost defends you.
                  | (SH +4) [demonic ancestry]
    76 | D:1      | Reached XP level 2. HP: 13/24 MP: 2/2
   637 | D:1      | Gained mutation: You sometimes gain a little power by
                  | taking damage. [demonic ancestry]
   637 | D:1      | Reached XP level 3. HP: 27/29 MP: 3/3
   639 | D:1      | Reached skill level 1 in Dodging
  1029 | D:2      | Slain by a gnoll

Illustrated notes

Levels and vault maps discovered:
D:1:      scummos_arrival_simple_fountains, layout_basic
D:2:      layout_loops_ring, basic_ecumenical_altar, serial_aquarium,
          aquarium_bridge_square [aquarium_subvault_bridge,
          aquarium_subvault_bridge, aquarium_subvault_wall,
          aquarium_subvault_bridge], aquarium_window_fake, aquarium_window_fake,
          aquarium_window_2, aquarium_window_corridor_1, aquarium_view_4,
          aquarium_balcony_3b, uniq_natasha, uniq_terence

Skill      XL: |  1  2  3 |
---------------+----------+-----
Axes           | 2 |  2.2
Dodging        | 1 |  1.0
Armour         | 3 |  3.0
Shields        | 3 |  3.0
Fighting       | |  3.1
Invocations    | |  0.8

Action                   || total
-------------------------++-------
Melee: War axe           ||    71
  Use: Potion            ||     1
Armor: Scale mail        ||    36
Dodge: Dodged            ||    38
Block: Buckler           ||    35

Table legend: (Time is in decaauts)
 A = Elapsed time spent in this place.
 B = Non-inter-level travel time spent in this place.
 C = Inter-level travel time spent in this place.
 D = Time resting spent in this place.
 E = Time spent auto-exploring this place.
 F = Levels seen in this place.
 G = Mean time per level.
                   A        B        C        D        E       F      G
               +--------+--------+--------+--------+--------+-----+--------+
         Total |   1059 |   1011 |     48 |    135 |    696 |   2 |  529.5 |
       Dungeon |   1059 |   1011 |     48 |    135 |    696 |   2 |  529.5 |
               +--------+--------+--------+--------+--------+-----+--------+

Top non-repeatable levels by time:
     D:1: 1046 daAuts
     D:2: 13 daAuts
